 Dungeon Crawl Stone Soup version 0.29-a0-870-g2c972031a6 (webtiles) character file.

Game seed: 5378745892321035651

47 zeratav the Stinger (level 3, -2/21 HPs)
             Began as an Octopode Venom Mage on July 17, 2022.
             Slain by Terence
             ... wielding a +4 vorpal falchion
              (13 damage)
             ... on level 2 of the Dungeon.
             The game lasted 00:01:59 (2564 turns).

zeratav the Stinger (Octopode Venom Mage)           Turns: 2564, Time: 00:01:59

Health: -2/21      AC:  1    Str:  7    XL:     3   Next: 70%
Magic:  0/6        EV: 13    Int: 19    God:
Gold:   78         SH:  0    Dex: 12    Spells: 3/6 levels left

rFire   . . .      SeeInvis .   d - +0 dagger {short}
rCold   . . .      Faith    .   (no shield)
rNeg    . . .      Spirit   .   (helmet restricted)
rPois   .          Reflect  .   i - amulet of the acrobat
rElec   .          Harm     .   (no ring)
rCorr   .          Rampage  .   (no ring)
Will    .....                   (no ring)
Stlth   ++++......              (no ring)
HPRegen 0.07/turn               (no ring)
MPRegen 0.10/turn               (no ring)
                                (no ring)
                                (no ring)

@: no status effects
A: almost no armour, amphibious, 8 rings, camouflage 1, gelatinous body 1,
(nimble swimmer 1), tentacles
a: no special abilities


You were on level 2 of the Dungeon.
You visited 1 branch of the dungeon, and saw 2 of its levels.

You collected 78 gold pieces.


Innate Abilities, Weirdness & Mutations

You cannot wear most types of armour.
You are amphibious.
You can wear up to eight rings at the same time.
Your skin changes colour to match your surroundings (Stealth+).
Your rubbery body absorbs attacks. (AC +1, EV +1)
((You are camouflaged when in or above water. (Stealth+)))
You have tentacles for arms and can constrict up to eight enemies at once.


   Skills:
 - Level 2.0 Dodging
 + Level 4.4 Stealth
 - Level 2.0 Spellcasting
 - Level 1.0 Transmutations
 + Level 4.6 Poison Magic


You had 3 spell levels left.
You knew the following spells:

 Your Spells              Type           Power      Damage    Failure   Level
a - Sting                 Tmut/Pois      48%        1d5       5%          1
b - Poisonous Vapours     Pois/Air       20%        N/A       10%         2

Your spell library contained the following spells:

 Spells                   Type           Power      Damage    Failure   Level
 Mephitic Cloud           Conj/Pois/Air  7%         N/A       26%         3
 Frozen Ramparts          Ice            2%         1d2       45%         3
 Olgreb's Toxic Radiance  Pois           19%        N/A       24%         4
 Ice Form                 Ice/Tmut       3%         N/A       80%         4
 Summon Ice Beast         Ice/Summ       1%         N/A       86%         4

Inventory:

Hand Weapons
 d - a +0 dagger (weapon) {short}
   (You found it on level 1 of the Dungeon)
Jewellery
 g - an amulet of reflection
   (You found it on level 2 of the Dungeon)
 i - an amulet of the acrobat (around mantle)
   (You found it on level 2 of the Dungeon)
Scrolls
 b - a scroll of teleportation {unknown}
 f - a scroll of identify {unknown}
 k - a scroll of noise {unknown}
 l - a scroll of amnesia {unknown}
Potions
 a - a potion of magic
 c - 2 potions of curing {unknown}
 e - a potion of brilliance {unknown}
 h - a potion of resistance {unknown}
 j - a potion of heal wounds {unknown}

Dungeon Overview and Level Annotations

Branches:
Dungeon (2/15) Zot: 9434

Altars:

Annotations:
D:2 Terence

####.# #.........##..##[...
#.#####.........##..##....
######.#.......................
#......#.####........#..##...<.
###........#..#......#.#..##.....
..'........#..#......#...@...@.#.
###.....#.##.........#..#.#....##
######.##.##.....@...#....#....#
#....#.##.##....@....#.#..#......
#.##.#.##.##...)##'###.#..#.#####
#.#..#.##.......##.# #...>#..
#.#.##.#.........#.########..
#.#....#.).......#......# #...
#.######.........######.# #...
#......#.........# #.# #....
######.#.........# #.#
#....#.#.........# #.#


You could see Terence (extremely poisoned).


Message History

The sting hits the goblin.
The goblin is poisoned.
You kill the goblin!
MP[-1]
You lost 1 mp, and now have 5/6 mp.
You can't see any susceptible monsters within range! (Use Z to cast anyway.)
You can't see any susceptible monsters within range! (Use Z to cast anyway.)
You see here a +0 dagger {short}.
A goblin comes into view. It is wielding a +0 dagger.
MP[+1]
Your mp is fully restored (6).
A goblin is nearby!
The sting hits the goblin.
The goblin is poisoned.
The goblin shouts!
MP[-1]
You lost 1 mp, and now have 5/6 mp.
The sting hits the goblin.
The goblin looks even sicker.
You kill the goblin!
MP[-1]
You lost 1 mp, and now have 4/6 mp.
l - a scroll labelled VAPOKECUITH You now have 78 gold pieces (gained 13).
You see here a +0 dagger {short}.
MP[+2]
Your mp is fully restored (6).
There is a stone staircase leading up, spattered with blood here.
You open the door.
There is an open door here.
You see here a +0 dagger {short}.
There is a stone staircase leading up, spattered with blood here.
Found a stone staircase leading down.
A ball python comes into view.
A ball python is nearby!
The ball python hisses angrily.
The sting hits the ball python.
The ball python is poisoned.
The ball python barely misses you. The ball python closely misses you.
MP[-1]
You lost 1 mp, and now have 5/6 mp.
The sting hits the ball python.
The ball python looks even sicker.
You kill the ball python!
MP[-1]
You lost 1 mp, and now have 4/6 mp.
You can't see any susceptible monsters within range! (Use Z to cast anyway.) Terence the Incautious comes into view.
He is wielding a +4 vorpal falchion.
Terence screams, "I want your blood!"
There is a stone staircase leading up here.
You climb upwards.
There is a stone staircase leading down here.
MP[+1]
You start resting.
MP[+1]
Your mp is fully restored (6).
There is a stone staircase leading down here.
You climb downwards.
Level annotation: Terence
There is a stone staircase leading up, spattered with blood here.
Casting: Sting (safe; 5% risk of failure)
Confirm with . or Enter, or press ? or * to list all spells.
Aiming: Poisonous Vapours (safe; 10% risk of failure)
Press: ? - help, Dir - move target, f - Terence
Aim: Terence, wielding a +4 vorpal falchion and wearing a +0 scale mail Poisonous vapours surround Terence!
Terence is poisoned.
MP[-2]
You lost 2 mp, and now have 4/6 mp.
Casting: Poisonous Vapours (safe; 10% risk of failure)
Confirm with . or Enter, or press ? or * to list all spells.
Aiming: Poisonous Vapours (safe; 10% risk of failure)
Press: ? - help, Dir - move target, f/p - Terence
Aim: Terence, wielding a +4 vorpal falchion and wearing a +0 scale mail (lightly wounded, poisoned) Poisonous vapours surround Terence!
Terence looks even sicker.
MP[-2]
You lost 2 mp, and now have 2/6 mp.
There is a stone staircase leading up, spattered with blood here.
Casting: Poisonous Vapours (safe; 10% risk of failure)
Confirm with . or Enter, or press ? or * to list all spells.
Aiming: Sting (safe; 5% risk of failure)
Press: ? - help, Shift-Dir - straight line, f/p - Terence
Aim: Terence, wielding a +4 vorpal falchion and wearing a +0 scale mail (moderately wounded, poisoned, 75% to hit)
The sting hits Terence but does no damage.
Terence looks even sicker.
Casting: Sting (safe; 5% risk of failure)
Confirm with . or Enter, or press ? or * to list all spells.
Aiming: Sting (safe; 5% risk of failure)
Press: ? - help, Shift-Dir - straight line, f/p - Terence
Aim: Terence, wielding a +4 vorpal falchion and wearing a +0 scale mail (moderately wounded, very poisoned, 75% to hit)
The sting hits Terence.
Terence looks even sicker.
Terence hits you with a +4 vorpal falchion!
HP[-10] MP[-1]
You take 10 damage, and now have 11/21 hp.
MASSIVE DAMAGE!! (PAUSE)
You lost 1 mp, and now have 1/6 mp.
Casting: Sting (safe; 5% risk of failure)
Confirm with . or Enter, or press ? or * to list all spells.
Aiming: Sting (safe; 5% risk of failure)
Press: ? - help, Shift-Dir - straight line, f/p - Terence
Aim: Terence, wielding a +4 vorpal falchion and wearing a +0 scale mail (moderately wounded, very poisoned, 75% to hit)
The sting hits Terence but does no damage.
Terence looks as sick as possible!
Terence hits you with a +4 vorpal falchion!
Ouch! That really hurt!
You die...

Skill      XL: |  1  2  3 |
---------------+----------+-----
Stealth        | 3 4 |  4.4
Poison Magic   | 4 |  4.6
Dodging        | |  2.0
Spellcasting   | |  2.0
Transmutations | |  1.0

Action                   || total
-------------------------++-------
Melee: Dagger            ||    35
       Constrict         ||     7
       Unarmed           ||     1
       Tentacles         ||     3
 Cast: Sting             ||    45
       Poisonous Vapours ||     2
 Stab: Sleeping          ||     5
Armor: Skin              ||     6
Dodge: Dodged            ||    33
Block: Other             ||     3

Levels and vault maps discovered:
D:1:      dpeg_arrival_refuge, layout_basic
D:2:      layout_basic, shapermc_ecumenical_altar_starsandcircs,
          patterned_corridor, uniq_terence

Notes
Turn   | Place    | Note
-------+----------+-------------------------------------------
     0 | D:1      | zeratav the Octopode Venom Mage began the quest for the
                  | Orb.
     0 | D:1      | Reached XP level 1. HP: 11/11 MP: 3/3
     0 | D:1      | magus.rc [v1.9.6]
   210 | D:1      | Reached skill level 3 in Stealth
   355 | D:1      | HP: 2/11 [frozen (5)]
   357 | D:1      | Reached XP level 2. HP: 4/17 MP: 3/5
   636 | D:1      | You pick up a book of Rime and begin reading...
   636 | D:1      | You add the spells Frozen Ramparts, Ice Form and Summon Ice
                  | Beast to your library.
   765 | D:1      | Reached skill level 4 in Poison Magic
  1107 | D:1      | HP: 3/17 [kobold/+0 dagger (3)]
  1794 | D:2      | Reached XP level 3. HP: 21/21 MP: 3/6
  1803 | D:2      | Reached skill level 4 in Stealth
  1979 | D:2      | Found a faded altar of an unknown god.
  2157 | D:2      | Learned a level 2 spell: Poisonous Vapours
  2493 | D:2      | Noticed Terence
  2564 | D:2      | Slain by Terence

Vanquished Creatures
  An adder (D:2)
  A dart slug (D:1)
  3 endoplasms (D:1)
  2 giant cockroaches
  2 goblins (D:2)
  4 hobgoblins
  3 jackals (D:2)
  2 quokkas (D:1)
  5 ball pythons
  3 bats
  2 frilled lizards
  2 kobolds
  4 rats
34 creatures vanquished.

Table legend:
 A = Non-vault XP
 B = Vault XP
 C = Vault XP percentage of total XP
 D = Non-vault monster count
 E = Vault monster count
 F = Vault count percentage of total count
                 A         B        C        D         E       F
            +---------+---------+-------+---------+---------+-------
      Total |      68 |       0 |   0.0 |      34 |       0 |   0.0
            +---------+---------+-------+---------+---------+-------
        D:1 |      27 |       0 |   0.0 |      16 |       0 |   0.0
        D:2 |      41 |       0 |   0.0 |      18 |       0 |   0.0
            +---------+---------+-------+---------+---------+-------

Illustrated notes

Table legend:
 A = Kills in this place as a percentage of kills in entire the game.
 B = Kills by you in this place as a percentage of kills by you in the entire game.
 C = Kills by friends in this place as a percentage of kills by friends in the entire game.
 D = Other kills in this place as a percentage of other kills in the entire game.
 E = Experience gained in this place as a percentage of experience gained in the entire game.
 F = Experience gained in this place divided by the number of levels of this place that you have seen.
                   A       B       C       D       E      F
               +-------+-------+-------+-------+-------+----------------------
         Total | 100.0 | 100.0 |   N/A |   N/A | 100.0 |  34.0
       Dungeon | 100.0 | 100.0 |   N/A |   N/A | 100.0 |  34.0
               +-------+-------+-------+-------+-------+----------------------

Table legend: (Time is in decaauts)
 A = Elapsed time spent in this place.
 B = Non-inter-level travel time spent in this place.
 C = Inter-level travel time spent in this place.
 D = Time resting spent in this place.
 E = Time spent auto-exploring this place.
 F = Levels seen in this place.
 G = Mean time per level.
                   A        B        C        D        E       F      G
               +--------+--------+--------+--------+--------+-----+--------+
         Total |   2564 |   2499 |     65 |    175 |   2069 |   2 | 1282.0 |
       Dungeon |   2564 |   2499 |     65 |    175 |   2069 |   2 | 1282.0 |
               +--------+--------+--------+--------+--------+-----+--------+

Top non-repeatable levels by time:
     D:1: 1695 daAuts
     D:2: 869 daAuts
